[Event "GER-chT Youth Countries 2020"]
[Site "Berlin"]
[Date "2020.10.03"]
[Round "6"]
[White "Hecht, Jonas Christian"]
[Black "Schubert, Nikita"]
[Result "1-0"]
[ECO "C45"]
[WhiteElo "1764"]
[BlackElo "1946"]
[Annotator "ChessBase"]
[PlyCount "123"]
[EventDate "2020.09.30"]
[EventType "team-tourn"]
[EventRounds "7"]
[EventCountry "GER"]
[SourceTitle "playchess.com"]
[Source "ChessBase"]
[SourceQuality "1"]
[TimeControl "30/5400+30:0"]

1. e4 e5 2. Nf3 Nc6 3. d4 exd4 4. Nxd4 Nf6 5. Nxc6 bxc6 6. e5 Qe7 7. Qe2 Nd5 8. c4 Ba6 9. b3 g6 10. g3 Bg7 11. Bb2 O-O 12. Bg2 Rae8 13. O-O Bxe5 14. Bxe5 Qxe5 15. Qxe5 Rxe5 16. cxd5 Bxf1 17. Kxf1 cxd5 18. Nc3 c6 19. Rd1 Rfe8 20. Bf3 Kf8 21. Ne2 Ke7 22. Rd4 Rb8 23. Rh4 h5 24. Ra4 Rb7 25. Nf4 Kd6 26. Nd3 Re8 27. b4 Ra8 28. Ke2 a5 29. Kd2 Rba7 30. b5 Rb8 31. bxc6 dxc6 32. Rf4 Re8 33. h4 Rb7 34. Kc2 Ree7 35. Kc1 c5 36. Kc2 c4 37. Nb2 Rb5 38. Rd4 Ke5 39. Rd2 Rc7 40. Kc3 Kd6 41. Nd1 Rd7 42. Ne3 Ke6 43. Rd4 Rd6 44. Bg2 Ke5 45. f4+ Ke6 46. Bf3 f5 47. Bxd5+ Ke7 48. Kxc4 Rb1 49. Rd2 Re1 50. Kd4 Rg1 51. Rd3 Ra1 52. a3 Rd8 53. Nc4 Rb1 54. Ne5 Kf6 55. Rc3 Rd1+ 56. Nd3 Rg1 57. Rc6+ Kg7 58. Rc7+ Kh6 59. a4 Ra1 60. Ke5 Rxa4 61. Nc5 Ra1 62. Bc4 1-0

[Event "GER-chT Youth Countries 2020"]
[Site "Berlin"]
[Date "2020.10.03"]
[Round "6"]
[White "Hagenbeck-Huebert, Ben"]
[Black "Mueller, Maximilian"]
[Result "1-0"]
[ECO "C15"]
[WhiteElo "1749"]
[BlackElo "2303"]
[Annotator "ChessBase"]
[PlyCount "79"]
[EventDate "2020.09.30"]
[EventType "team-tourn"]
[EventRounds "7"]
[EventCountry "GER"]
[SourceTitle "playchess.com"]
[Source "ChessBase"]
[SourceQuality "1"]
[TimeControl "30/5400+30:0"]

1. e4 e6 2. d4 d5 3. Nc3 Bb4 4. exd5 exd5 5. Bd3 Nc6 6. Nf3 Nge7 7. h3 Be6 8. O-O Bd6 9. Re1 Qd7 10. Bb5 h6 11. Bxc6 Qxc6 12. Ne5 Bxe5 13. Rxe5 O-O-O 14. Qf3 g5 15. a4 Ng6 16. Re2 Nh4 17. Qg3 Nf5 18. Qd3 Nh4 19. Nb5 Kb8 20. Ra3 Qd7 21. Rc3 c6 22. Qg3+ Ka8 23. Nc7+ Kb8 24. Nxe6+ Kc8 25. Nxd8 Rxd8 26. b4 Nf5 27. Qe5 Rg8 28. b5 Nd6 29. bxc6 bxc6 30. Qxd5 Kc7 31. Ba3 Nc8 32. Qxd7+ Kxd7 33. Rf3 Rg7 34. Bc5 a6 35. Rf6 h5 36. Re5 h4 37. Ref5 g4 38. Rxf7+ Rxf7 39. Rxf7+ Ke6 40. Rc7 1-0

[Event "GER-chT Youth Countries 2020"]
[Site "Berlin"]
[Date "2020.10.03"]
[Round "6"]
[White "Pohle, Saskia"]
[Black "Alhassan, Jodi"]
[Result "1-0"]
[ECO "B98"]
[WhiteElo "1749"]
[BlackElo "1275"]
[Annotator "NA"]
[PlyCount "54"]
[EventDate "2020.09.30"]
[EventType "team-tourn"]
[EventRounds "7"]
[EventCountry "GER"]
[SourceTitle "playchess.com"]
[Source "ChessBase"]
[SourceQuality "1"]
[TimeControl "30/5400+30:0"]

1. e4 c5 2. Nf3 d6 3. d4 cxd4 4. Nxd4 Nf6 5. Nc3 a6 6. Bg5 e6 7. f4 Be7 8. Qf3 O-O 9. O-O-O Nbd7 10. g4 Rb8 11. h4 e5 12. Nf5 b5 13. Bxf6 Bxf6 14. g5 Be7 15. Nd5 Re8 16. Nfxe7+ Rxe7 17. Nxe7+ Qxe7 18. f5 f6 19. Rg1 Bb7 20. Qg4 b4 21. Rd2 Rf8 22. Rdg2 fxg5 23. hxg5 a5 24. f6 Qf7 25. g6 Qxf6 26. gxh7+ Kxh7 27. Qxd7 Qf7 1-0

[Event "GER-chT Youth Countries 2020"]
[Site "Berlin"]
[Date "2020.10.03"]
[Round "6"]
[White "Bildat, Emilia"]
[Black "Mundt, Alexandra"]
[Result "1-0"]
[ECO "A10"]
[WhiteElo "1704"]
[BlackElo "1786"]
[Annotator "NA"]
[PlyCount "55"]
[EventDate "2020.09.30"]
[EventType "team-tourn"]
[EventRounds "7"]
[EventCountry "GER"]
[SourceTitle "playchess.com"]
[Source "ChessBase"]
[SourceQuality "1"]
[TimeControl "30/5400+30:0"]

1. c4 g6 2. g3 Bg7 3. Bg2 d6 4. Nc3 Nd7 5. d3 e5 6. e3 Ne7 7. Nge2 O-O 8. O-O f5 9. f4 c6 10. Rb1 Nf6 11. b4 Re8 12. b5 Kh8 13. Ba3 exf4 14. bxc6 Nxc6 15. exf4 Qe7 16. h3 Be6 17. Re1 a6 18. Rb6 Bxc4 19. Rxc6 bxc6 20. dxc4 Qe3+ 21. Kh2 Nh5 22. Bc1 Qf2 23. Rf1 Qc5 24. Qa4 Rac8 25. Ba3 Qe3 26. Rf3 Qe7 27. Rd3 d5 28. Bxe7 1-0

[Event "GER-chT Youth Countries 2020"]
[Site "Berlin"]
[Date "2020.10.03"]
[Round "6"]
[White "Aumueller, Naum"]
[Black "Voigt, Anastasia"]
[Result "1/2-1/2"]
[ECO "C50"]
[WhiteElo "1690"]
[BlackElo "1562"]
[Annotator "NA"]
[PlyCount "83"]
[EventDate "2020.09.30"]
[EventType "team-tourn"]
[EventRounds "7"]
[EventCountry "GER"]
[SourceTitle "playchess.com"]
[Source "ChessBase"]
[SourceQuality "1"]
[TimeControl "30/5400+30:0"]

1. e4 e5 2. Nf3 Nc6 3. Bc4 Bc5 4. d3 Nf6 5. Nc3 d6 6. Bg5 h6 7. Bxf6 Qxf6 8. Nd5 Qd8 9. c3 a6 10. d4 exd4 11. cxd4 Ba7 12. h3 O-O 13. O-O Ne7 14. Re1 Nxd5 15. Bxd5 c6 16. Bb3 Be6 17. Bc2 d5 18. Qd3 g6 19. Qe3 Kg7 20. Rad1 dxe4 21. Bxe4 Re8 22. Qc3 Kh7 23. Ne5 Qf6 24. Bf3 Rad8 25. Bg4 Bxg4 26. Nxg4 Rxe1+ 27. Qxe1 Qe6 28. Qe3 Qxe3 29. fxe3 f5 30. Ne5 f4 31. Kf2 fxe3+ 32. Kxe3 Kg7 33. Ke4 Rd5 34. Nf3 Kf6 35. a4 g5 36. g4 Ke6 37. Rc1 Rd8 38. Rc4 Rf8 39. a5 Rf4+ 40. Ke3 Kd5 41. Rb4 Rf7 42. Ra4 1/2-1/2

[Event "GER-chT Youth Countries 2020"]
[Site "Berlin"]
[Date "2020.10.03"]
[Round "6"]
[White "Werner, Rosalie"]
[Black "Rudolph, Eva"]
[Result "1/2-1/2"]
[ECO "B42"]
[WhiteElo "1688"]
[BlackElo "1836"]
[Annotator "NA"]
[PlyCount "128"]
[EventDate "2020.09.30"]
[EventType "team-tourn"]
[EventRounds "7"]
[EventCountry "GER"]
[SourceTitle "playchess.com"]
[Source "ChessBase"]
[SourceQuality "1"]
[TimeControl "30/5400+30:0"]

1. e4 c5 2. Nf3 e6 3. d4 cxd4 4. Nxd4 a6 5. Bd3 Nf6 6. Qe2 d6 7. c4 Qc7 8. Nc3 Nbd7 9. Bd2 g6 10. O-O Bg7 11. Nf3 O-O 12. Rae1 b6 13. Kh1 Bb7 14. Ng1 Rac8 15. b3 Nc5 16. Bb1 Qc6 17. f4 Ba8 18. Nf3 Ng4 19. Nd4 Bxd4 20. Qxg4 Nd7 21. f5 Rfe8 22. Qh3 Bg7 23. Ne2 Nf6 24. Ng3 exf5 25. exf5 Rxe1 26. Rxe1 Ng4 27. Re2 Nf6 28. fxg6 hxg6 29. Bh6 Re8 30. Rxe8+ Qxe8 31. Bd2 Qc6 32. Nf1 d5 33. cxd5 Qxd5 34. Qc8+ Kh7 35. Qh3+ Nh5 36. Ng3 Qxd2 37. Qxh5+ Kg8 38. Qe2 Qc1+ 39. Qf1 Qd2 40. Qe2 Qc1+ 41. Qf1 Qxf1+ 42. Nxf1 Kf8 43. Bd3 a5 44. Nd2 Bd4 45. Nf3 Bc5 46. Ne5 Bd4 47. Nf3 Be3 48. Ne5 Bd5 49. Nc4 Bd4 50. h3 Ke7 51. Kh2 Bf2 52. h4 Kd7 53. g3 Kc6 54. Na3 Kc5 55. Nc2 b5 56. Kh3 a4 57. b4+ Kc6 58. a3 Bb3 59. Kg4 Bxc2 60. Bxc2 Bd4 61. Be4+ Kd6 62. Bd3 Kc6 63. Be4+ Kd6 64. Bd3 Kc6 1/2-1/2

[Event "GER-chT Youth Countries 2020"]
[Site "Berlin"]
[Date "2020.10.03"]
[Round "6"]
[White "Grabs, Peter"]
[Black "Kluehs, Gustaf"]
[Result "1/2-1/2"]
[ECO "B31"]
[WhiteElo "1674"]
[BlackElo "1827"]
[Annotator "NA"]
[PlyCount "70"]
[EventDate "2020.09.30"]
[EventType "team-tourn"]
[EventRounds "7"]
[EventCountry "GER"]
[SourceTitle "playchess.com"]
[Source "ChessBase"]
[SourceQuality "1"]
[TimeControl "30/5400+30:0"]

1. e4 c5 2. Nf3 Nc6 3. Bb5 g6 4. O-O Bg7 5. Re1 e5 6. Nc3 Nge7 7. a3 O-O 8. Bc4 d6 9. h3 Nd4 10. d3 h6 11. Nd5 Be6 12. Nxd4 cxd4 13. Nxe7+ Qxe7 14. Bxe6 fxe6 15. Qg4 Kh7 16. Bd2 h5 17. Qg3 Bh6 18. Bxh6 Kxh6 19. Rf1 Rf4 20. f3 Rc8 21. Qf2 Qc7 22. Rac1 Rf7 23. Qd2+ Kg7 24. f4 Rcf8 25. fxe5 Rxf1+ 26. Rxf1 Rxf1+ 27. Kxf1 dxe5 28. Ke1 Qc5 29. Kd1 Qf8 30. Qe2 b5 31. Qf3 Qc5 32. g4 hxg4 33. Qxg4 Qe7 34. Qg3 Qf6 35. Ke2 a6 1/2-1/2

[Event "GER-chT Youth Countries 2020"]
[Site "Berlin"]
[Date "2020.10.03"]
[Round "6"]
[White "Schiewe, Nadin"]
[Black "Nitsche, Nikolai"]
[Result "0-1"]
[ECO "D05"]
[WhiteElo "1660"]
[BlackElo "1721"]
[Annotator "NA"]
[PlyCount "87"]
[EventDate "2020.09.30"]
[EventType "team-tourn"]
[EventRounds "7"]
[EventCountry "GER"]
[SourceTitle "playchess.com"]
[Source "ChessBase"]
[SourceQuality "1"]
[TimeControl "30/5400+30:0"]

1. d4 d5 2. Nf3 Nf6 3. e3 e6 4. Bd3 c5 5. c3 Nc6 6. Ne5 Nxe5 7. dxe5 Nd7 8. f4 c4 9. Bc2 b6 10. Nd2 Be7 11. Nf3 O-O 12. O-O Bb7 13. Nd4 Bc5 14. Rf3 g6 15. Rg3 Qe7 16. Qg4 Kh8 17. Bd2 Bxd4 18. exd4 f5 19. Qh3 b5 20. Rxg6 Rf7 21. Be1 Re8 22. a4 a6 23. axb5 axb5 24. Bh4 Qf8 25. Ra7 Bc8 26. Kf2 b4 27. Ba4 bxc3 28. bxc3 Qa3 29. Rxd7 Qb2+ 30. Kf1 Qc1+ 31. Ke2 Qb2+ 32. Ke1 Bxd7 33. Bxd7 Ra8 34. Kf1 Qc1+ 35. Be1 Qxf4+ 36. Kg1 Ra1 37. Qg3 Qxg3 38. Rxg3 Rxd7 39. Kf2 f4 40. Rg4 Rb7 41. Rxf4 Rb2+ 42. Kg3 Rxe1 43. Rf6 Rb6 44. Kg4 0-1

[Event "GER-chT Youth Countries 2020"]
[Site "Berlin"]
[Date "2020.10.03"]
[Round "6"]
[White "Tovmasyan, Minas"]
[Black "Deuer, Marius"]
[Result "0-1"]
[ECO "E15"]
[WhiteElo "1658"]
[BlackElo "2161"]
[Annotator "ChessBase"]
[PlyCount "116"]
[EventDate "2020.09.30"]
[EventType "team-tourn"]
[EventRounds "7"]
[EventCountry "GER"]
[SourceTitle "playchess.com"]
[Source "ChessBase"]
[SourceQuality "1"]
[TimeControl "30/5400+30:0"]

1. d4 Nf6 2. c4 e6 3. Nf3 b6 4. g3 Ba6 5. Qc2 c5 6. Bg2 Bb7 7. O-O Nc6 8. dxc5 bxc5 9. Nc3 Be7 10. e4 d6 11. Rd1 Qb8 12. b3 O-O 13. Re1 Nd7 14. Bf4 Bf6 15. Bg5 Nd4 16. Nxd4 Bxg5 17. Nde2 Rd8 18. f4 Bf6 19. Rad1 a6 20. Rf1 Qc7 21. g4 h6 22. Qd2 Nb8 23. g5 hxg5 24. fxg5 Be5 25. Nf4 Nc6 26. g6 Bxf4 27. Qxf4 fxg6 28. Qg4 Qe7 29. Qxg6 Ne5 30. Qg3 Rf8 31. Ne2 Rxf1+ 32. Rxf1 Rf8 33. Nf4 Nc6 34. Re1 Qf6 35. Ng6 Rf7 36. Kh1 Qf2 37. Rf1 Qxg3 38. hxg3 Rxf1+ 39. Bxf1 Nb4 40. a3 Bxe4+ 41. Bg2 Bxg6 42. axb4 cxb4 43. Bc6 Bc2 44. Ba4 Kf7 45. Kg1 Kf6 46. Kf2 Ke5 47. Ke3 g6 48. Kd2 Be4 49. Ke3 Bb7 50. Be8 g5 51. Bd7 d5 52. Kd3 d4 53. Kd2 Kd6 54. Be8 e5 55. Kd3 Kc5 56. Bg6 Bf3 57. Kd2 e4 58. Bf5 d3 0-1

[Event "GER-chT Youth Countries 2020"]
[Site "Berlin"]
[Date "2020.10.03"]
[Round "6"]
[White "Schreidl, Michael"]
[Black "Brunner, Sophia"]
[Result "0-1"]
[ECO "C10"]
[WhiteElo "1640"]
[BlackElo "1850"]
[Annotator "NA"]
[PlyCount "156"]
[EventDate "2020.09.30"]
[EventType "team-tourn"]
[EventRounds "7"]
[EventCountry "GER"]
[SourceTitle "playchess.com"]
[Source "ChessBase"]
[SourceQuality "1"]
[TimeControl "30/5400+30:0"]

1. e4 e6 2. d4 d5 3. Nc3 dxe4 4. Nxe4 Nd7 5. Nf3 Ngf6 6. Bd3 c5 7. c3 Nxe4 8. Bxe4 Nf6 9. Bd3 cxd4 10. Nxd4 Bc5 11. Nb3 Be7 12. O-O O-O 13. Qc2 Qc7 14. h3 b6 15. Bg5 h6 16. Bh4 Bb7 17. Nd4 a6 18. Bg3 Bd6 19. Bxd6 Qxd6 20. Rad1 Qf4 21. Ne2 Qg5 22. Ng3 Qf4 23. Ne2 Qc7 24. Nd4 Rfd8 25. Be2 Be4 26. Bd3 Bxd3 27. Rxd3 Rd5 28. Rfd1 Rad8 29. Nf3 b5 30. Rxd5 Rxd5 31. Rxd5 Nxd5 32. a3 Qc4 33. Ne5 Qf4 34. Nf3 f6 35. Qd2 Qc7 36. Nd4 Kf7 37. Qe2 Nf4 38. Qf3 e5 39. Ne2 Nxe2+ 40. Qxe2 Qd6 41. Kf1 Qd5 42. Kg1 f5 43. Qe3 Qd6 44. Qa7+ Kf6 45. Qe3 g5 46. g3 Qd1+ 47. Kg2 Qd5+ 48. Kg1 f4 49. Qb6+ Qe6 50. Qd8+ Kg6 51. g4 e4 52. Kh1 h5 53. gxh5+ Kxh5 54. Kg1 e3 55. Qh8+ Kg6 56. fxe3 Qxe3+ 57. Kf1 Qc1+ 58. Kf2 Qxb2+ 59. Kf3 Qb3 60. Qe8+ Qf7 61. Qc6+ Qf6 62. Qe8+ Kh6 63. Qc8 Kg6 64. Qg8+ Qg7 65. Qe6+ Kh7 66. Qc8 Qe7 67. Kg4 Qf6 68. Qb7+ Kg6 69. Qe4+ Kg7 70. Qd5 Kh6 71. h4 gxh4 72. Qf3 Qg5+ 73. Kh3 Qg3+ 74. Qxg3 hxg3 75. Kg2 Kg5 76. Kf3 Kf5 77. a4 bxa4 78. c4 a3 0-1

[Event "GER-chT Youth Countries 2020"]
[Site "Berlin"]
[Date "2020.10.03"]
[Round "6"]
[White "Wilmink, Anna"]
[Black "Richter, Johanna"]
[Result "1/2-1/2"]
[ECO "B33"]
[WhiteElo "1608"]
[BlackElo "1107"]
[Annotator "NA"]
[PlyCount "112"]
[EventDate "2020.09.30"]
[EventType "team-tourn"]
[EventRounds "7"]
[EventCountry "GER"]
[SourceTitle "playchess.com"]
[Source "ChessBase"]
[SourceQuality "1"]
[TimeControl "30/5400+30:0"]

1. e4 c5 2. Nf3 Nc6 3. d4 cxd4 4. Nxd4 Nf6 5. Nc3 e5 6. Ndb5 d6 7. Bg5 a6 8. Na3 b5 9. Nd5 Be7 10. Bxf6 Bxf6 11. c4 b4 12. Nc2 a5 13. g3 O-O 14. h4 Be6 15. Bh3 Bxh3 16. Rxh3 Be7 17. Qf3 Qd7 18. g4 Rab8 19. Kf1 a4 20. b3 a3 21. Kg2 f6 22. Rah1 Rf7 23. Qg3 h6 24. g5 fxg5 25. Nxe7+ Nxe7 26. hxg5 Ng6 27. Kf1 hxg5 28. Qxg5 Qa7 29. R3h2 Rf6 30. Qg3 Kf7 31. Rg1 Rf8 32. Nxb4 Ke8 33. Nd5 Re6 34. Qh3 Nf4 35. Nxf4 Ref6 36. Nd3 Kd8 37. Qg4 Qd4 38. Qe2 Rf3 39. Ne1 R3f4 40. Rg3 Rxe4 41. Qd3 Kc7 42. Qxd4 Rxd4 43. Rxg7+ Kc6 44. Ke2 Rd8 45. Nc2 Re4+ 46. Kd3 Rf4 47. Ne3 Kc5 48. Nd5 Rf3+ 49. Ke4 Rf4+ 50. Nxf4 exf4 51. Kxf4 Kd4 52. Rg5 Kc3 53. f3 Rf8+ 54. Ke4 Re8+ 55. Kd5 Rc8 56. Kxd6 Rd8+ 1/2-1/2

[Event "GER-chT Youth Countries 2020"]
[Site "Berlin"]
[Date "2020.10.03"]
[Round "6"]
[White "Goepfert, Christian"]
[Black "Kiefhaber, Tobias"]
[Result "0-1"]
[ECO "B12"]
[WhiteElo "1603"]
[BlackElo "1542"]
[Annotator "NA"]
[PlyCount "65"]
[EventDate "2020.09.30"]
[EventType "team-tourn"]
[EventRounds "7"]
[EventCountry "GER"]
[SourceTitle "playchess.com"]
[Source "ChessBase"]
[SourceQuality "1"]
[TimeControl "30/5400+30:0"]

1. e4 c6 2. d4 d5 3. e5 Bf5 4. h4 h5 5. Bd3 Bxd3 6. Qxd3 e6 7. Bg5 Ne7 8. Ne2 Qc7 9. Ng3 Nd7 10. O-O O-O-O 11. Qf3 f6 12. exf6 gxf6 13. Bxf6 Nxf6 14. Qxf6 Rh6 15. Qf3 Ng6 16. Nd2 Nxh4 17. Qe3 Nf5 18. Nxf5 exf5 19. Nf3 h4 20. Qg5 Qh7 21. Rae1 Bd6 22. Ne5 Rg8 23. Qe3 Bxe5 24. Qxe5 Qg6 25. Qh2 h3 26. g3 f4 27. Re2 fxg3 28. fxg3 Qxg3+ 29. Qxg3 Rxg3+ 30. Kh2 Rhg6 31. Ref2 Kc7 32. b3 b5 33. a3 0-1

[Event "GER-chT Youth Countries 2020"]
[Site "Berlin"]
[Date "2020.10.03"]
[Round "6"]
[White "Schulz, Hannah"]
[Black "Wagner, Margarethe"]
[Result "0-1"]
[ECO "B90"]
[WhiteElo "1589"]
[BlackElo "1804"]
[Annotator "NA"]
[PlyCount "81"]
[EventDate "2020.09.30"]
[EventType "team-tourn"]
[EventRounds "7"]
[EventCountry "GER"]
[SourceTitle "playchess.com"]
[Source "ChessBase"]
[SourceQuality "1"]
[TimeControl "30/5400+30:0"]

1. e4 c5 2. Nf3 d6 3. d4 cxd4 4. Nxd4 Nf6 5. Nc3 a6 6. Be3 e5 7. Nf3 h6 8. Bc4 Be7 9. Bb3 Nbd7 10. a4 b6 11. O-O Bb7 12. Qd3 Qc7 13. Rfd1 O-O 14. Rac1 Rfd8 15. Nd5 Nxd5 16. Bxd5 Bxd5 17. Qxd5 Rab8 18. c4 Nf6 19. Qd3 Qb7 20. Nd2 b5 21. axb5 axb5 22. f3 bxc4 23. Nxc4 Qb5 24. Rb1 Kf8 25. Na3 Qxd3 26. Rxd3 d5 27. exd5 Rxd5 28. Rc3 Ke8 29. Nc4 Nd7 30. b3 Rdb5 31. Kf2 f5 32. Ke2 Nf6 33. f4 Nd5 34. Rc2 Nxf4+ 35. Bxf4 exf4 36. Rcb2 Kf7 37. Kd3 g5 38. Nd2 g4 39. Rf1 Rb4 40. h3 Bf6 41. Rbb1 0-1

[Event "GER-chT Youth Countries 2020"]
[Site "Berlin"]
[Date "2020.10.03"]
[Round "6"]
[White "Fischer, Juliane"]
[Black "Trunz, Michelle"]
[Result "0-1"]
[ECO "B23"]
[WhiteElo "1509"]
[BlackElo "1662"]
[Annotator "NA"]
[PlyCount "84"]
[EventDate "2020.09.30"]
[EventType "team-tourn"]
[EventRounds "7"]
[EventCountry "GER"]
[SourceTitle "playchess.com"]
[Source "ChessBase"]
[SourceQuality "1"]
[TimeControl "30/5400+30:0"]

1. e4 c5 2. Nc3 d6 3. f4 g6 4. Nf3 Bg7 5. Bb5+ Bd7 6. Bxd7+ Qxd7 7. O-O e6 8. d3 Ne7 9. Qe1 a6 10. Be3 b5 11. d4 c4 12. Rd1 d5 13. Ne5 Qd8 14. exd5 exd5 15. Bf2 O-O 16. Bh4 f6 17. Nf3 Qd7 18. Qe3 Nf5 19. Qf2 b4 20. Ne2 Nc6 21. Rfe1 Rae8 22. Ng3 Nd6 23. c3 a5 24. Nd2 g5 25. Rxe8 Nxe8 26. Bxg5 fxg5 27. f5 Bf6 28. Qf3 Nc7 29. Qh5 Qe8 30. Qg4 Qe3+ 31. Kh1 bxc3 32. bxc3 Nb5 33. Nf3 Qf4 34. Qxf4 gxf4 35. Nh5 Nxc3 36. Rd2 Ne4 37. Re2 Kf7 38. Nxf4 Nxd4 39. Nxd4 Bxd4 40. Nxd5 Re8 41. Nf4 Nf2+ 42. Kg1 Nh3+ 0-1

[Event "GER-chT Youth Countries 2020"]
[Site "Berlin"]
[Date "2020.10.03"]
[Round "6"]
[White "Moldovan, Tatiana"]
[Black "Avetyan, Manan"]
[Result "1-0"]
[ECO "C73"]
[WhiteElo "1480"]
[BlackElo "1356"]
[Annotator "NA"]
[PlyCount "127"]
[EventDate "2020.09.30"]
[EventType "team-tourn"]
[EventRounds "7"]
[EventCountry "GER"]
[SourceTitle "playchess.com"]
[Source "ChessBase"]
[SourceQuality "1"]
[TimeControl "30/5400+30:0"]

1. e4 e5 2. Nf3 Nc6 3. Bb5 a6 4. Ba4 d6 5. Bxc6+ bxc6 6. d4 exd4 7. Nxd4 c5 8. Nf3 Nf6 9. e5 dxe5 10. Qxd8+ Kxd8 11. Nxe5 Ke8 12. O-O Bd6 13. Re1 Kf8 14. Nc4 Bf5 15. c3 Re8 16. Rxe8+ Kxe8 17. Be3 h6 18. Nbd2 g5 19. Re1 Kd7 20. Nb3 Re8 21. Rd1 Be6 22. Nxd6 cxd6 23. Bxc5 Ne4 24. Be3 Rb8 25. f3 Nf6 26. Nc5+ Ke7 27. Nxe6 fxe6 28. b3 Nd5 29. Bd4 Rc8 30. c4 Nb4 31. Rd2 e5 32. Bc3 Nc6 33. Kf2 Ke6 34. Ke3 Ne7 35. g4 d5 36. Bb4 dxc4 37. Bxe7 Kxe7 38. Rc2 Kd6 39. Ke4 a5 40. a4 Ke6 41. bxc4 Rc5 42. h3 Rc8 43. c5 Rc6 44. Rc4 Rc8 45. c6 Rc7 46. Rc5 Kd6 47. Rxa5 Rxc6 48. Rd5+ Kc7 49. Kxe5 Rc3 50. Ke4 Kc6 51. Rd4 Rc1 52. f4 Re1+ 53. Kf5 Rf1 54. Ke5 Rf3 55. fxg5 hxg5 56. Ke4 Rxh3 57. Kf5 Kc5 58. Re4 Kd5 59. Re8 Ra3 60. Ra8 Kd6 61. Kxg5 Ke6 62. Kg6 Ke5 63. g5 Kf4 64. Kf6 1-0

[Event "GER-chT Youth Countries 2020"]
[Site "Berlin"]
[Date "2020.10.03"]
[Round "6"]
[White "Mueller, Sophie Charlotte"]
[Black "Kadach, Maria"]
[Result "1/2-1/2"]
[ECO "B14"]
[WhiteElo "1459"]
[BlackElo "1539"]
[Annotator "NA"]
[PlyCount "77"]
[EventDate "2020.09.30"]
[EventType "team-tourn"]
[EventRounds "7"]
[EventCountry "GER"]
[SourceTitle "playchess.com"]
[Source "ChessBase"]
[SourceQuality "1"]
[TimeControl "30/5400+30:0"]

1. e4 c6 2. d4 d5 3. exd5 cxd5 4. c4 Nf6 5. Nc3 g6 6. Bg5 Bg7 7. Bxf6 Bxf6 8. cxd5 O-O 9. Bc4 Qb6 10. Nge2 Qxb2 11. Rb1 Qa3 12. O-O Qa5 13. Ne4 Nd7 14. d6 exd6 15. Nxd6 Qc7 16. Bxf7+ Rxf7 17. Nxf7 Kxf7 18. Qb3+ Kg7 19. Nc3 Bxd4 20. Nb5 Qb6 21. Qd5 Bc5 22. Nd4 Qd6 23. Qxd6 Bxd6 24. Ne6+ Kf6 25. Rfe1 Nc5 26. Nxc5 Bxc5 27. Re8 Bf5 28. Rbe1 Rxe8 29. Rxe8 Be6 30. Rh8 Kg7 31. Rb8 Bd5 32. Rd8 Bxa2 33. Rd7+ Kg8 34. Rxb7 a5 35. Rb8+ Kg7 36. Ra8 Bb4 37. Ra7+ Kg8 38. Ra8+ Kg7 39. Ra7+ 1/2-1/2

[Event "GER-chT Youth Countries 2020"]
[Site "Berlin"]
[Date "2020.10.03"]
[Round "6"]
[White "Margaryan, Susanna"]
[Black "Marrufo, Emilia"]
[Result "1-0"]
[ECO "B01"]
[WhiteElo "1450"]
[BlackElo "796"]
[Annotator "NA"]
[PlyCount "103"]
[EventDate "2020.09.30"]
[EventType "team-tourn"]
[EventRounds "7"]
[EventCountry "GER"]
[SourceTitle "playchess.com"]
[Source "ChessBase"]
[SourceQuality "1"]
[TimeControl "30/5400+30:0"]

1. e4 d5 2. exd5 Qxd5 3. Nc3 Qd8 4. Bc4 Nf6 5. d4 Bg4 6. f3 Bf5 7. Nge2 e6 8. O-O Bd6 9. Bg5 Be7 10. Ng3 O-O 11. Nxf5 exf5 12. Qd3 Nh5 13. Bxe7 Qxe7 14. Nd5 Qd7 15. Rfe1 g6 16. Re7 Qd6 17. Rxc7 Nf4 18. Nxf4 Qxc7 19. Nd5 Qd6 20. Re1 Nc6 21. a3 Rae8 22. Rd1 Re6 23. Nc3 Re7 24. Nb5 Qf4 25. Nc3 Rfe8 26. Nd5 Re1+ 27. Rxe1 Rxe1+ 28. Kf2 Qh4+ 29. g3 Qg5 30. Kxe1 Qc1+ 31. Ke2 Qh1 32. f4 Qxh2+ 33. Kd1 Qg1+ 34. Kd2 Nxd4 35. Kc3 Ne6 36. Qe3 Qg2 37. Ne7+ Kg7 38. Bd5 Qh3 39. Bxb7 Nc7 40. Qe5+ Kh6 41. Ng8+ Kh5 42. Bf3+ Qg4 43. Bxg4+ Kxg4 44. Qxc7 Kxg3 45. Kd2 h5 46. Qxf7 h4 47. Qxg6+ Kxf4 48. Qh5 Kg3 49. Ke2 h3 50. Qg5+ Kh2 51. Kf2 a6 52. Qg1# 1-0

[Event "GER-chT Youth Countries 2020"]
[Site "Berlin"]
[Date "2020.10.03"]
[Round "6"]
[White "Huppert, Anna"]
[Black "Kempe, Caius Emilian"]
[Result "0-1"]
[ECO "B21"]
[WhiteElo "1440"]
[BlackElo "1910"]
[Annotator "ChessBase"]
[PlyCount "83"]
[EventDate "2020.09.30"]
[EventType "team-tourn"]
[EventRounds "7"]
[EventCountry "GER"]
[SourceTitle "playchess.com"]
[Source "ChessBase"]
[SourceQuality "1"]
[TimeControl "30/5400+30:0"]

1. e4 c5 2. d4 cxd4 3. c3 dxc3 4. Nxc3 Nc6 5. Nf3 e6 6. Bc4 Qc7 7. Qe2 Nf6 8. Bg5 Ng4 9. Bh4 Bb4 10. Rc1 O-O 11. Bg3 d6 12. O-O a6 13. Bb3 Nf6 14. Rfd1 Rd8 15. a3 Bxc3 16. Rxc3 e5 17. Ng5 Rf8 18. Qd3 Ne8 19. f4 Bg4 20. Rf1 Nf6 21. fxe5 dxe5 22. Qc4 Qd7 23. Qc5 Rae8 24. Rcc1 h6 25. Nf3 Nxe4 26. Qe3 Nxg3 27. hxg3 Be6 28. Bc2 Bf5 29. Bb3 Qd3 30. Qxd3 Bxd3 31. Rfe1 e4 32. Nd2 Nd4 33. Bd5 Ne2+ 34. Rxe2 Bxe2 35. Bxe4 Re7 36. Bf3 Bxf3 37. gxf3 Re2 38. Ne4 Rxb2 39. a4 b5 40. axb5 axb5 41. Kf1 b4 42. Ke1 0-1

[Event "GER-chT Youth Countries 2020"]
[Site "Berlin"]
[Date "2020.10.03"]
[Round "6"]
[White "Haug, Mara"]
[Black "Eichhorn, Mathilda"]
[Result "1-0"]
[ECO "C00"]
[WhiteElo "1366"]
[BlackElo "1532"]
[Annotator "NA"]
[PlyCount "67"]
[EventDate "2020.09.30"]
[EventType "team-tourn"]
[EventRounds "7"]
[EventCountry "GER"]
[SourceTitle "playchess.com"]
[Source "ChessBase"]
[SourceQuality "1"]
[TimeControl "30/5400+30:0"]

1. e4 e6 2. Nf3 d5 3. e5 c5 4. b4 Nc6 5. bxc5 Bxc5 6. d4 Bb6 7. c3 f6 8. Bd3 Bd7 9. Na3 fxe5 10. Nxe5 Nf6 11. Bg5 Ke7 12. Qh5 Be8 13. Qg4 Kf8 14. Qxe6 Qe7 15. Qxe7+ Nxe7 16. O-O h6 17. Bd2 a6 18. Rab1 Bb5 19. Nxb5 axb5 20. Rxb5 Ra6 21. Rfb1 Bc7 22. Rxb7 Rxa2 23. Rxc7 Rxd2 24. Bf1 Rg8 25. Ra7 g5 26. Rb8+ Ne8 27. Raa8 Kg7 28. Rxe8 Rxe8 29. Rxe8 Nf5 30. g3 Rc2 31. Bd3 Rc1+ 32. Kg2 Nd6 33. Rd8 Nb5 34. Bxb5 1-0

[Event "GER-chT Youth Countries 2020"]
[Site "Berlin"]
[Date "2020.10.03"]
[Round "6"]
[White "Khanbekyan, Nare"]
[Black "Bako, Evelin"]
[Result "1-0"]
[ECO "C42"]
[WhiteElo "1334"]
[BlackElo "1192"]
[Annotator "NA"]
[PlyCount "97"]
[EventDate "2020.09.30"]
[EventType "team-tourn"]
[EventRounds "7"]
[EventCountry "GER"]
[SourceTitle "playchess.com"]
[Source "ChessBase"]
[SourceQuality "1"]
[TimeControl "30/5400+30:0"]

1. e4 e5 2. Nf3 Nf6 3. Nxe5 d6 4. Nf3 Nxe4 5. Nc3 Nxc3 6. dxc3 Nc6 7. Bf4 Be7 8. Qd2 Be6 9. a3 Qd7 10. O-O-O Bf6 11. Bd3 O-O-O 12. Rhe1 h6 13. h3 Rhe8 14. g4 Kb8 15. Bb5 a6 16. Ba4 b5 17. Bb3 Bxb3 18. cxb3 Na5 19. Qd5 g5 20. Bg3 Ka7 21. b4 Nc4 22. Rxe8 Rxe8 23. Qc5+ Nb6 24. Bxd6 Rc8 25. Be5 Qe6 26. Bxc7 Kb7 27. Qxb6+ Qxb6 28. Bxb6 Kxb6 29. Rd6+ Rc6 30. Rd7 Rc7 31. Rxc7 Kxc7 32. Nd4 Bxd4 33. cxd4 Kd6 34. Kd2 f6 35. Ke3 Kd5 36. f4 Kd6 37. Ke4 Ke6 38. d5+ Kd6 39. Kf5 Kxd5 40. fxg5 fxg5 41. Kg6 Ke4 42. Kxh6 Kf4 43. Kh5 Kg3 44. Kxg5 Kxh3 45. Kh5 Kg3 46. g5 Kf4 47. g6 Kf5 48. g7 Kf6 49. g8=Q 1-0